Map: Divergencia EE

Players

TATORREA - Winner!

  • Race: Protoss Protoss
  • League: Gold
  • Spawn Location: 5:00

MrFercho - Winner!

  • Race: Zerg Zerg
  • League: Silver
  • Spawn Location: 5:00

dafayceee

  • Race: Protoss Protoss
  • League: Silver
  • Spawn Location: 11:00

Dwayne

  • Race: Protoss Protoss
  • Spawn Location: 11:00

VOD

Have the link to the VOD?

Description

Time

  • Played on: July 9, 2020, 9:27 p.m.
  • Length: 25:46
Show
View Real Time Build Order
Export as new Build Order

TATORREA Protoss - Winner!

Build Orders:  

Get SALT Encoding   

  12  0:01  Probe  
  13  0:13  Probe  
  14  0:25  Probe  
  14  0:26  Pylon  
  15  0:44  Probe  
  15  0:45  Gateway  
  16  0:56  Probe  
  17  1:06  Assimilator  
  17  1:07  Probe  
  18  1:11  Pylon  
  18  1:15  Probe  
  18  1:24  Probe  
  19  1:34  Probe, Cybernetics Core  
  20  1:46  Probe  
  21  1:58  Probe, Nexus  
  22  2:06  Pylon  
  22  2:08  Probe  
  22  2:15  Assimilator  
  23  2:17  Probe  
  24  2:23  Warp Gate  
  24  2:25  Probe  
  24  2:26  Stalker  
  27  2:37  Probe  
  28  2:49  Probe  
  28  2:51  Gateway  
  29  2:56  Stalker  
  31  2:59  Probe  
  32  3:06  Pylon  
  32  3:07  Probe  
  33  3:21  Probe  
  33  3:23  Probe  
  33  3:26  Stalker  
  37  3:34  Robotics Facility  
  37  3:35  Twilight Council  
  37  3:37  Probe  
  37  3:38  Probe  
  39  3:49  Probe  
  39  3:50  Probe  
  41  4:01  Probe  
  43  4:02  Probe  
  43  4:04  Gateway  
  43  4:07  Gateway  
  43  4:13  Sentry, Probe  
  43  4:14  Probe  
  47  4:20  Stalker  
  49  4:25  Probe  
  49  4:27  Probe  
  49  4:28  Blink  
  49  4:30  Assimilator  
  51  4:34  Assimilator  
  51  4:37  Probe  
  52  4:39  Probe  
  52  4:43  Observer  
  54  4:49  Probe  
  54  4:51  Probe  
  56  4:55  Nexus  
  56  5:02  Pylon  
  56  5:04  Probe  
  56  5:05  Pylon, Probe  
  58  5:17  Probe x2  
  58  5:20  Immortal  
  64  5:30  Pylon  
  64  5:33  Probe x2  
  64  5:34  Pylon  
  66  5:41  Pylon  
  66  5:43  Forge  
  66  5:45  Pylon, Forge  
  66  5:47  Forge, Probe x2  
  68  5:50  Templar Archives  
  68  5:56  Sentry x2  
  72  5:58  Stalker  
  72  5:59  Stalker  
  72  6:01  Probe  
  72  6:02  Probe  
  78  6:11  Probe  
  79  6:13  Probe  
  79  6:14  Probe  
  81  6:33  Stalker x2, Nexus  
  81  6:35  Pylon  
  81  6:36  Stalker  
  81  6:38  Pylon  
  81  6:39  Stalker  
  89  6:41  Probe x2  
  89  6:42  Probe  
  89  6:46  Protoss Ground Armor Level 1, Protoss Ground Weapons Level 1, Protoss Shields Level 1  
  92  6:50  Assimilator  
  92  6:54  Assimilator  
  92  7:00  High Templar  
  94  7:02  Stalker  
  96  7:09  Probe x2  
  96  7:10  Probe  
  99  7:21  Probe  
  99  7:22  Probe x2  
  102  7:27  Stalker x2  
  102  7:28  Stalker  
  108  7:33  Probe  
  108  7:34  Probe  
  110  7:39  Charge  
  110  7:46  Pylon  
  110  7:50  Pylon  
  110  7:55  Pylon, Probe x4  
  110  7:57  Pylon  
  114  8:02  Pylon  
  114  8:05  Pylon  
  114  8:06  Stalker x3  
  114  8:07  Stalker  
  114  8:08  Pylon  
  122  8:12  Pylon  
  122  8:14  Assimilator  
  122  8:19  Assimilator  
  122  8:20  Gateway  
  122  8:22  Gateway  
  122  8:25  Gateway  
  122  8:28  Gateway  
  122  8:35  Gateway  
  122  8:39  Gateway  
  122  8:40  Gateway  
  120  8:46  Protoss Shields Level 2, Protoss Ground Armor Level 2, Protoss Ground Weapons Level 2  
  73  9:11  High Templar  
  73  9:12  High Templar x3  
  81  9:35  High Templar x5  
  91  9:39  Archon x3  
  91  9:40  Archon  
  91  9:48  Stalker x2  
  91  9:49  Stalker x3  
  91  9:50  Stalker  
  103  9:54  Probe x3  
  103  9:55  Probe  
  107  10:06  Probe x2  
  109  10:10  Nexus  
  109  10:12  Pylon  
  109  10:15  Pylon  
  109  10:22  Nexus  
  109  10:24  Stalker x3, Pylon  
  109  10:25  Stalker x2  
  109  10:26  Stalker x3, Pylon  
  109  10:27  Stalker x3  
  131  10:35  Assimilator  
  131  10:41  Assimilator  
  131  10:50  Gateway  
  131  10:51  Gateway  
  131  10:52  Gateway  
  131  10:55  Gateway x2  
  131  10:59  Gateway  
  131  11:02  Gateway x2  
  131  11:04  Pylon  
  131  11:07  Pylon x2  
  131  11:09  Protoss Ground Weapons Level 3, Protoss Shields Level 3, Protoss Ground Armor Level 3  
  131  11:15  Gateway  
  131  11:16  Gateway  
  131  11:17  Gateway, Stalker x3  
  131  11:18  Stalker x3  
  141  11:19  Stalker  
  141  11:20  Stalker x2  
  141  11:21  Stalker x2  
  131  12:37  Stalker x2  
  131  12:38  Stalker x3  
  131  12:39  Stalker x5  
  131  12:40  Stalker x3  
  131  12:41  Stalker x5  
  131  12:42  Stalker x3  
  131  12:43  Stalker  
  149  13:22  High Templar x3  
  149  13:23  High Templar x3  
  149  13:24  High Templar x3  
  149  13:25  High Templar x4  
  149  13:26  High Templar x3  
  157  13:27  High Templar  
  157  13:30  Zealot x4  
  157  13:31  Zealot  
  151  13:39  Archon x4  
  151  13:40  Archon x3  
  151  13:41  Archon  
  129  13:45  Observer  
  124  13:59  Stalker x3  
  124  14:00  Stalker x5  
  124  14:01  Stalker x4  
  124  14:02  Stalker x3  
  154  14:03  Stalker x2  
  154  14:04  Stalker  
  154  14:34  Stalker x3  
  154  14:35  Stalker x4  
  154  14:36  Stalker x3  
  154  14:37  Stalker x3  
  154  14:38  Stalker x5  
  178  14:39  Stalker  
  91  15:33  Stalker x3  
  91  15:34  Stalker x5  
  91  15:35  Stalker x3  
  99  15:36  Stalker x4  
  99  15:37  Stalker x4  
  99  15:38  Stalker  
  119  15:45  Stalker  
  119  15:46  Stalker  
  123  16:00  Stalker x5  
  123  16:01  Stalker x3  
  123  16:02  Stalker x4  
  123  16:03  Stalker  
  149  16:16  Stalker x3  
  155  16:20  High Templar x3  
  155  16:21  High Templar  
  155  16:25  Archon x2  
  163  16:46  Assimilator  
  163  16:50  Stalker x2  
  163  16:51  Stalker x2, Assimilator  
  163  16:52  Stalker x4  
  179  16:54  High Templar  
  179  16:55  High Templar  
  179  16:56  High Templar  
  185  17:01  Archon  
  185  17:08  Psionic Storm  
  159  18:08  Stalker x3  
  159  18:09  Stalker x5  
  159  18:10  Stalker x5  
  159  18:11  Stalker x3  
  159  18:12  Stalker x3  
  195  18:13  Stalker  
  139  19:19  Stalker  
  139  19:20  Stalker x3  
  139  19:21  Stalker x4  
  139  19:22  Stalker x3  
  139  19:23  Stalker x3  
  139  19:24  Stalker x2  
  160  19:25  Stalker x3  
  160  19:26  Stalker x2  
  160  19:27  Stalker  
  156  19:49  Stalker x2  
Show
View Real Time Build Order
Export as new Build Order

MrFercho Zerg - Winner!

Build Orders: Pool First 

Get SALT Encoding   

  12  0:04  Drone  
  13  0:18  Overlord  
  13  0:20  Drone  
  14  0:37  Drone x2  
  16  1:00  Drone x2  
  18  1:16  Extractor  
  18  1:17  Drone x2  
  18  1:18  Spawning Pool  
  18  1:20  Hatchery  
  18  1:24  Drone  
  18  1:34  Drone  
  19  1:45  Drone  
  20  1:56  Drone  
  21  2:06  Drone  
  22  2:21  Overlord  
  22  2:30  Metabolic Boost  
  22  2:31  Queen  
  24  2:41  Roach Warren  
  23  2:46  Zergling x4  
  23  2:48  Zergling x2  
  26  2:52  Drone  
  26  2:55  Queen  
  26  2:57  Overlord x2  
  29  3:02  Drone  
  30  3:06  Drone  
  30  3:10  Drone  
  32  3:30  Drone  
  32  3:31  Drone x2  
  35  3:47  Roach x5  
  45  3:55  Roach  
  47  4:18  Overlord x5  
  47  4:31  Spore Crawler  
  47  4:36  Zergling x12, Spore Crawler  
  51  4:56  Roach x5  
  51  4:57  Spore Crawler  
  60  5:11  Drone x3  
  63  5:19  Drone  
  63  5:20  Drone x2  
  63  5:21  Drone x3  
  69  5:22  Hatchery, Drone  
  69  5:26  Queen  
  71  5:28  Drone  
  72  5:40  Drone x2  
  74  5:51  Drone x5  
  79  6:01  Spore Crawler  
  78  6:13  Lair  
  78  6:14  Zergling x6  
  78  6:15  Zergling x4  
  83  6:24  Zergling x2  
  84  6:26  Overlord x3  
  84  6:38  Drone x3  
  84  6:39  Drone  
  88  6:54  Hatchery  
  88  6:57  Drone x2  
  88  6:59  Evolution Chamber  
  88  7:06  Drone  
  88  7:07  Spine Crawler, Drone  
  88  7:08  Spine Crawler  
  88  7:14  Drone x2  
  88  7:15  Spine Crawler  
  89  7:16  Spine Crawler  
  88  7:23  Spore Crawler  
  88  7:28  Spine Crawler, Drone x4  
  88  7:29  Drone x7  
  99  7:30  Spine Crawler x2, Drone x2  
  97  7:40  Extractor  
  95  8:06  Ravager  
  96  8:17  Drone x2  
  98  8:30  Ravager  
  65  9:11  Spire  
  60  9:26  Extractor  
  60  9:29  Extractor  
  60  9:31  Extractor  
  57  9:33  Extractor  
  57  9:36  Overlord x10  
  57  9:37  Overlord x3  
  56  9:50  Zerg Missile Weapons Level 1  
  56  9:55  Hydralisk Den  
  55  10:15  Zergling x2  
  55  10:16  Zergling x22  
  67  10:36  Drone x3  
  67  10:37  Drone  
  67  10:41  Drone x3  
  74  10:45  Drone x3  
  77  10:53  Hydralisk  
  77  10:54  Hydralisk x10  
  99  11:08  Grooved Spines  
  99  11:18  Zerg Flyer Armor Level 1  
  99  11:21  Hydralisk  
  101  11:34  Burrow  
  74  12:00  Hatchery  
  73  12:13  Corruptor x6  
  85  12:19  Muscular Augments  
  78  12:31  Hydralisk  
  78  12:32  Hydralisk x3  
  69  12:52  Drone x7  
  66  13:20  Hydralisk  
  66  13:21  Hydralisk x10  
  84  13:40  Overseer x2  
  84  13:46  Corruptor x2  
  88  13:53  Pneumatized Carapace  
  88  13:57  Drone x11  
  88  13:58  Drone x5  
  53  14:36  Corruptor x4  
  61  14:42  Hatchery  
  60  14:57  Hydralisk x5  
  70  15:19  Hatchery  
  69  15:24  Hydralisk x5  
  77  15:59  Hydralisk x3  
  77  16:00  Hydralisk x3  
  89  16:12  Zerg Missile Weapons Level 2  
  89  16:20  Drone x2  
  89  16:22  Queen  
  89  16:23  Extractor  
  92  16:29  Zerg Flyer Armor Level 2  
  92  16:44  Drone  
  92  16:45  Drone  
  94  16:48  Infestation Pit  
  94  16:53  Hydralisk  
  94  16:54  Hydralisk x3  
  55  17:54  Hydralisk x14  
  77  18:07  Evolution Chamber  
  76  18:16  Hydralisk  
  76  18:17  Hydralisk x3  
  84  18:36  Corruptor x3  
  90  18:50  Drone  
  90  18:51  Drone x2  
  93  19:14  Hydralisk x5  
  53  19:57  Corruptor  
  53  19:58  Corruptor x5  
  65  20:10  Hive  
  55  20:21  Hydralisk  
  55  20:22  Hydralisk x2  
  51  20:43  Spore Crawler  
  51  20:44  Spore Crawler  
  47  20:56  Extractor, Hatchery  
  41  21:00  Extractor  
  40  21:09  Hydralisk x6  
  52  21:16  Hatchery  
  52  21:17  Extractor  
  45  21:26  Extractor  
  45  21:27  Lair  
  44  21:33  Hydralisk x6  
  44  21:34  Hydralisk Den  
  43  22:06  Corruptor x2  
  45  22:34  Hydralisk  
  45  22:35  Hydralisk x2  
  45  23:05  Hydralisk x3  
  41  23:25  Spore Crawler  
  41  23:26  Spore Crawler  
  39  23:32  Overseer  
  38  24:02  Hydralisk x2  
  42  24:37  Hydralisk  
Show
View Real Time Build Order
Export as new Build Order

dafayceee Protoss 

Build Orders: Carriers, Carrier Rush 

Get SALT Encoding   

  12  0:01  Probe  
  13  0:18  Pylon  
  13  0:25  Assimilator  
  13  0:26  Probe  
  14  0:39  Probe  
  14  0:41  Gateway  
  15  0:47  Probe  
  15  0:53  Assimilator  
  15  0:56  Probe  
  17  1:04  Probe  
  18  1:12  Probe  
  19  1:22  Probe  
  20  1:34  Probe  
  21  1:46  Probe, Cybernetics Core  
  22  1:58  Probe  
  23  2:17  Pylon  
  23  2:25  Stargate  
  23  2:35  Probe  
  24  2:47  Probe  
  25  2:59  Probe  
  26  3:11  Fleet Beacon  
  26  3:12  Void Ray  
  30  3:29  Assimilator  
  30  3:33  Assimilator  
  30  4:26  Pylon  
  30  4:30  Pylon  
  30  4:33  Pylon  
  30  4:34  Carrier  
  36  5:11  Nexus  
  36  5:15  Assimilator  
  36  5:19  Assimilator  
  36  5:28  Carrier  
  36  5:33  Nexus  
  42  5:47  Stargate  
  42  6:14  Probe  
  43  6:20  Protoss Air Weapons Level 1  
  43  6:26  Pylon, Probe  
  43  6:30  Pylon  
  44  6:34  Carrier  
  44  6:38  Probe  
  45  6:44  Probe  
  46  6:50  Probe  
  46  6:53  Probe  
  54  6:57  Probe  
  55  7:02  Probe  
  55  7:05  Probe  
  57  7:09  Probe  
  57  7:15  Probe  
  59  7:17  Probe  
  59  7:21  Probe  
  59  7:22  Carrier  
  61  7:27  Probe  
  63  7:30  Probe  
  63  7:33  Probe  
  63  7:34  Carrier  
  70  7:39  Probe  
  70  7:42  Probe  
  72  7:45  Probe  
  72  7:51  Probe  
  80  7:54  Probe  
  80  7:57  Probe  
  82  8:06  Probe  
  82  8:08  Pylon  
  82  8:09  Probe  
  82  8:10  Pylon  
  84  8:14  Pylon  
  84  8:18  Pylon  
  84  8:19  Stargate x2  
  84  8:30  Probe  
  85  8:42  Probe  
  86  8:54  Probe  
  83  9:06  Probe  
  71  9:18  Probe  
  72  9:24  Probe  
  72  9:30  Probe  
  74  9:36  Probe x2  
  76  9:39  Carrier x2  
  76  9:40  Carrier x2  
  76  9:42  Probe  
  101  9:48  Probe x2  
  101  9:51  Pylon  
  103  9:54  Probe  
  103  9:55  Pylon  
  103  9:58  Pylon  
  104  10:00  Probe  
  104  10:02  Pylon  
  104  10:06  Pylon, Probe  
  106  10:12  Probe  
  107  10:18  Probe  
  108  10:31  Probe  
  109  10:40  Anion Pulse-Crystals  
  109  10:43  Carrier, Mothership  
  109  10:44  Carrier  
  129  11:05  Carrier  
  135  11:14  Protoss Air Armor Level 1  
  135  11:28  Forge  
  135  11:30  Cybernetics Core  
  120  12:56  Carrier  
  120  12:57  Carrier x3  
  144  14:01  Carrier x3  
  162  14:52  Carrier  
  150  15:05  Carrier x3  
  130  15:57  Carrier  
  136  16:09  Carrier x3  
  154  16:17  Mothership  
  162  16:27  Nexus  
  162  16:33  Assimilator x2  
  160  17:14  Carrier  
  160  17:16  Carrier  
  82  21:48  Pylon  
  82  21:49  Pylon  
  82  21:50  Pylon  
  82  21:51  Pylon  
  79  22:33  Pylon  
Show
View Real Time Build Order
Export as new Build Order

Dwayne Protoss 

Build Orders: Cannon Rush 

Get SALT Encoding   

  12  0:21  Pylon  
  12  0:22  Probe  
  13  0:30  Probe  
  14  0:39  Probe  
  15  0:43  Forge  
  15  0:51  Probe  
  16  1:04  Probe  
  17  1:16  Probe  
  17  1:18  Photon Cannon  
  18  1:19  Photon Cannon  
  18  1:28  Probe  
  19  1:37  Photon Cannon  
  19  1:39  Photon Cannon  
  19  1:49  Photon Cannon  
  19  2:03  Pylon  
  19  2:07  Assimilator  
  19  2:11  Assimilator  
  19  2:16  Pylon  
  19  2:50  Photon Cannon  
  19  2:58  Gateway  
  19  2:59  Gateway  
  19  3:11  Pylon  
  19  3:19  Probe  
  19  3:25  Pylon  
  20  3:27  Probe  
  21  3:35  Probe  
  22  3:44  Probe  
  23  3:49  Photon Cannon  
  23  3:54  Photon Cannon  
  23  3:56  Probe  
  24  4:03  Photon Cannon  
  24  4:07  Zealot  
  24  4:08  Probe, Zealot  
  29  4:20  Probe  
  29  4:23  Cybernetics Core  
  30  4:32  Probe  
  30  4:38  Pylon  
  31  4:40  Pylon  
  31  4:44  Probe  
  32  4:46  Pylon  
  32  5:40  Robotics Facility  
  32  5:41  Robotics Facility  
  32  5:43  Stargate  
  32  5:45  Stargate  
  32  5:49  Twilight Council  
  32  5:59  Shield Battery  
  32  6:01  Shield Battery  
  32  6:10  Assimilator  
  32  6:13  Assimilator  
  32  6:24  Probe  
  33  6:33  Probe  
  34  6:41  Probe  
  34  6:43  Fleet Beacon  
  34  6:45  Robotics Bay  
  35  6:53  Probe  
  36  7:05  Probe  
  37  7:11  Nexus  
  37  7:19  Probe  
  38  7:27  Probe  
  38  7:37  Probe  
  40  7:49  Probe  
  41  8:01  Probe  
  41  8:05  Pylon  
  42  8:15  Pylon  
  42  8:16  Templar Archives  
  42  8:21  Colossus  
  42  8:23  Pylon  
  48  8:53  Zealot  
  50  9:20  Zealot  
  52  9:47  Photon Cannon, Zealot  
  54  9:55  Pylon  
  54  10:14  Zealot  
  54  10:17  Photon Cannon  
  55  10:37  Stalker  
  55  10:41  Stalker, Carrier  
  65  10:45  Observer  
  66  11:07  High Templar  
  68  11:11  High Templar  
  70  11:28  Nexus  
  70  11:31  Assimilator  
  70  11:36  Assimilator  
  70  11:38  Photon Cannon  
  70  11:40  Photon Cannon  
  70  11:42  Photon Cannon  
  70  11:44  Photon Cannon  
  70  11:46  High Templar  
  72  11:50  High Templar  
  74  11:54  Photon Cannon  
  73  12:07  Immortal x2  
  81  12:25  High Templar  
  85  12:30  High Templar  
  85  12:31  Archon  
  85  12:45  Archon  
  85  12:46  Immortal x2  
  85  12:47  Void Ray  
  97  12:57  Probe  
  98  13:04  High Templar  
  98  13:08  Photon Cannon  
  98  13:09  Probe  
  98  13:11  Photon Cannon  
  61  13:26  Immortal x2  
  67  13:44  Zealot  
  69  13:55  Immortal x2  
  69  14:03  Phoenix  
  79  14:11  High Templar  
  81  14:34  Immortal x2  
  81  14:37  Nexus  
  89  14:43  Shield Battery  
  89  14:46  Pylon  
  89  14:47  Photon Cannon  
  89  14:50  Photon Cannon  
  89  14:53  Photon Cannon  
  89  14:54  Photon Cannon  
  89  14:55  Photon Cannon  
  89  15:00  Photon Cannon  
  89  15:03  Immortal x2  
  89  15:07  Assimilator  
  79  15:43  Immortal x2  
  81  15:50  Probe  
  81  15:56  Protoss Air Weapons Level 1  
  82  15:58  Probe  
  83  16:08  Probe  
  84  16:20  Probe  
  84  16:22  Immortal x2  
  93  16:32  Probe  
  94  16:44  Probe  
  95  16:56  Probe  
  104  17:01  Immortal x2  
  96  17:08  Probe  
  88  17:19  Pylon  
  62  17:31  Immortal  
  62  17:32  Immortal  
  61  18:03  Immortal x2  
  40  18:39  Immortal x2  
  19  20:16  Pylon  
  5  23:02  Pylon  
Tags
 
Add a new tag
Caveats
  • Supply blocks, unpowered buildings, or Contaminate may cause inaccurate times.
  • Supply counts are checked every 10 seconds.